 Dungeon Crawl Stone Soup version 0.16-a0-3749-g20dbed2 (webtiles) character file.

81 Luckoftehdraw the Shooter (level 4, 0/24 (28) HPs)
             Began as a High Elf Arcane Marksman on Jan 23, 2015.
             Killed by nerve-wracking pain
             ... invoked by an orc priest
              (2 damage)
             ... on level 3 of the Dungeon.
             The game lasted 00:12:07 (1914 turns).

Luckoftehdraw the Shooter (HEAM)                    Turns: 1914, Time: 00:12:07

HP:   0/24 (28)     AC:  8    Str: 10    XL:     4   Next: 20%
MP:   10/11         EV: 12    Int: 17    God:
Gold: 141           SH:  0    Dex: 15    Spells: 2 memorised, 5 levels left

rFire  . . .     SeeInvis .     b - +0 shortbow
rCold  . . .     Clarity  .     j - +0 leather armour
rNeg   . . .     SustAb   .     (no shield)
rPois  +         Gourm    .     x - +0 helmet
rElec  .         Spirit   .     (no cloak)
rCorr  .         Warding  .     (no gloves)
rMut   .         Stasis   .     (no boots)
MR     .....                    (no amulet)
Stlth  +.........               r - ring of poison resistance
                                q - +4 ring of protection

@: not resistant to hostile enchantments, very unstealthy
A: no striking features
a: no special abilities


You were on level 3 of the Dungeon.
You were not hungry.

You visited 1 branch of the dungeon, and saw 4 of its levels.

You collected 141 gold pieces.

Inventory:

Hand weapons
 b - a +0 shortbow (weapon)
 i - a +0 short sword
 w - a +2 whip of holy wrath
Missiles
 c - 28 arrows (quivered)
 o - 7 poisoned tomahawks
 y - 12 poisoned needles
Armour
 a - a +0 robe
 g - a +0 ring mail
 j - a +0 leather armour (worn)
 x - a +0 helmet (worn)
Jewellery
 q - a +4 ring of protection (left hand)
 r - a ring of poison resistance (right hand)
Scrolls
 h - 2 scrolls of identify {unknown}
 l - 4 scrolls of remove curse {unknown}
 m - a scroll of noise {unknown}
 n - 2 scrolls of teleportation {unknown}
 t - a scroll of enchant weapon {unknown}
 v - a scroll of blinking {unknown}
Potions
 p - a potion of agility {unknown}
 s - a potion of might {unknown}
Books
 d - a book of Debilitation

   Spells                             Type                      Level
   a - Corona                         Hexes                        1
   b - Slow                           Hexes                        2
   c - Inner Flame                    Hexes/Fire                   3
   d - Enslavement                    Hexes                        4
   e - Cause Fear                     Hexes                        4
   f - Leda's Liquefaction            Hexes/Earth                  4
Comestibles
 f - 3 bread rations
 k - 2 meat rations
 u - 3 chunks of flesh


   Skills:
 + Level 1.0 Fighting
 + Level 3.7 Bows
 + Level 0.5 Armour
 + Level 2.5 Dodging
 * Level 2.6 Spellcasting
 + Level 3.6 Hexes


You had 5 spell levels left.
You knew the following spells:

 Your Spells              Type           Power        Failure   Level  Hunger
a - Corona                Hex            ##.....      8%          1    #......
b - Slow                  Hex            ##......     12%         2    ##.....


Dungeon Overview and Level Annotations

Branches:
Dungeon (4/15)
 Temple: D:4-7

Altars:


Message History

The arrow hits the orc priest but does no damage.
The orc priest is moderately wounded.
The orc priest hits you with a hand axe.
* * * LOW HITPOINT WARNING * * *
Firing (i - inventory. (,) - cycle):
c - 29 arrows (quivered)
Press: ? - help, Shift-Dir - straight line, f/p - orc priest
Aim: an orc priest, wielding a hand axe and wearing a chain mail (moderately wounded, slow)
You shoot an arrow.
The arrow closely misses the orc priest.
Firing (i - inventory. (,) - cycle):
c - 28 arrows (quivered)
Press: ? - help, Shift-Dir - straight line, p - orc priest
Okay, then.
Drink which item? (? for menu, Esc to quit)
Okay, then.
Drink which item? (? for menu, Esc to quit)
It was a potion of decay.
You feel your flesh rotting away!
The orc priest mumbles some strange prayers to Beogh against you.
Pain shoots through your body!
You die...

#.#############
...((o.oo....(#
#.#..o.l....#(#
#.........#(# .
#......[..#(# #.
#.........#)# #..
#.........#o# #..#
#..<......#@# ...
#.........+...#.# # #
#.........#.###.# .#.# ..
#.........#.....####...####.
#.........##........# #...
#.........##........# #...
#########'##........# #...
#.............# #...
#....##....#### #...


You could see an orc priest.

Vanquished Creatures
  Robin (D:3)
  An adder (D:3)
  A worm (D:2)
  3 giant geckos (D:3)
  3 orcs (D:3)
  8 bats
  14 goblins
  7 hobgoblins
  5 kobolds
  A giant cockroach (D:2)
  3 giant newts
  5 rats
52 creatures vanquished.

Notes
Turn   | Place    | Note
--------------------------------------------------------------
     0 | D:1      | Luckoftehdraw, the High Elf Arcane Marksman, began the quest for the Orb.
     0 | D:1      | Reached XP level 1. HP: 13/13 MP: 3/3
   367 | D:1      | Reached XP level 2. HP: 18/18 MP: 2/4
   371 | D:1      | Learned a level 2 spell: Slow
  1212 | D:2      | Reached XP level 3. HP: 17/23 MP: 6/8
  1681 | D:4      | Noticed Robin
  1718 | D:3      | Killed Robin
  1718 | D:3      | Reached XP level 4. HP: 13/28 MP: 4/11
  1914 | D:3      | Killed from afar by an orc priest

Action                   |  1- 3 |  4- 6 || total
-------------------------+-------+-------++-------
 Fire: Shortbow          |   117 |    26 ||   143
 Cast: Corona            |    36 |     5 ||    41
       Slow              |     4 |     1 ||     5
  Use: Potion            |       |     1 ||     1
  Eat: Chunk             |     3 |     1 ||     4
